 Dungeon Crawl Stone Soup version 0.20-a0-441-g89e74e4 (webtiles) character file.

40 Kriby the Magician (level 3, 0/24 HPs)
             Began as a Mummy Fire Elementalist on Jan 6, 2017.
             Slain by a kobold
             ... wielding a +0 whip
              (6 damage)
             ... on level 1 of the Dungeon.
             The game lasted 00:01:26 (1198 turns).

Kriby the Magician (Mummy Fire Elementalist)        Turns: 1198, Time: 00:01:27

Health: 0/24       AC:  4    Str: 11    XL:     3   Next: 30%
Magic:  1/7        EV: 12    Int: 15    God:
Gold:   73         SH:  0    Dex: 12    Spells: 7/8 levels left

rFire  x . .     SeeInvis .     i - +0 rapier
rCold  + . .     Gourm    .     a - +0 robe
rNeg   + + +     Faith    .     (no shield)
rPois  ∞         Spirit   .     (no helmet)
rElec  .         Reflect  .     (no cloak)
rCorr  .         Harm     .     h - +0 pair of gloves
MR     .....                    f - +0 pair of boots
Stlth  ++........               (no amulet)
                                (no ring)
                                (no ring)

@: very slightly contaminated
A: no food or potions, fire vulnerability, cold resistance 1, negative energy
resistance 3, torment resistance, unbreathing
a: no special abilities


You were on level 1 of the Dungeon.
You were not hungry.

You visited 1 branch of the dungeon, and saw 2 of its levels.

You collected 73 gold pieces.

Inventory:

Hand Weapons
 i - a +0 rapier (weapon)
Armour
 a - a +0 robe (worn)
 f - a +0 pair of boots (worn)
 h - a +0 pair of gloves (worn)
Jewellery
 d - an uncursed ring of fire {unknown}
Scrolls
 c - a scroll of identify {unknown}
 e - a scroll of recharging {unknown}
 g - a scroll of enchant weapon {unknown}
 j - a scroll of teleportation {unknown}
Books
 b - a book of Flames

   Spells                             Type                      Level
   a - Flame Tongue                   Conjuration/Fire             1
   b - Throw Flame                    Conjuration/Fire             2
   c - Conjure Flame                  Conjuration/Fire             3
   d - Inner Flame                    Hexes/Fire                   3
   e - Sticky Flame                   Conjuration/Fire             4
   f - Fireball                       Conjuration/Fire             5


   Skills:
 - Level 1.5 Dodging
 - Level 1.5 Stealth
 + Level 3.4 Spellcasting
 * Level 1.8 Conjurations
 + Level 2.7 Fire Magic


You had 7 spell levels left.
You knew the following spells:

 Your Spells              Type           Power        Failure   Level  Hunger
a - Flame Tongue          Conj/Fire      #....        10%         1    N/A

Dungeon Overview and Level Annotations

Branches:
Dungeon (2/15)

Altars:
Gozag


Innate Abilities, Weirdness & Mutations

You do not eat or drink.
Your flesh is vulnerable to fire.
You are immune to poison.
Your flesh is cold resistant. (rC+)
You are immune to negative energy. (rN+++)
You are immune to unholy pain and torment.
You can survive without breathing.


Message History

The flame tongue misses the kobold.
The kobold hits you with a whip.
Casting: Flame Tongue
Confirm with . or Enter, or press ? or * to list all spells.
You don't have enough magic to cast that spell.
You hit the kobold.
The kobold is severely wounded.
The kobold hits you with a whip.
A rat and a dart slug come into view.
You barely miss the kobold.
The kobold is severely wounded.
The kobold hits you but does no damage.
There is a stone staircase leading up here.
The goblin barely misses you. The kobold hits you with a whip.
* * * LOW HITPOINT WARNING * * *
You climb upwards.
There is a stone staircase leading down here.
You hit the goblin.
You kill the goblin!
The kobold hits you with a whip.
You die...

##..# ###.###.# #.# ##....
.#.## #..#..# #.# ##### ...##
##...## ##.# # ##..########
###.####..# ###........#
#....÷.## # ########.##
##.##### #..## ##.#
##..#####..# ##...†@K.##
####### #########
......#######
#####.......#########
#######.........#############
#########.....)........
###############


You could see a kobold.

Vanquished Creatures
  An adder (D:2)
  A dart slug (D:1)
  A leopard gecko (D:2)
  4 bats
  A giant cockroach (D:2)
  3 hobgoblins
  A ball python (D:1)
  2 frilled lizards
  4 goblins (D:1)
  6 kobolds
  6 rats (D:1)
30 creatures vanquished.

Notes
Turn   | Place    | Note
-------+----------+-------------------------------------------
     0 | D:1      | Kriby the Mummy Fire Elementalist began the quest for the Orb.
     0 | D:1      | Reached XP level 1. HP: 13/13 MP: 4/4
   103 | D:1      | Reached skill level 1 in Conjurations
   376 | D:1      | Reached XP level 2. HP: 19/19 MP: 3/5
   570 | D:1      | Reached skill level 3 in Spellcasting
  1129 | D:2      | Reached XP level 3. HP: 24/24 MP: 5/7
  1156 | D:2      | Found an opulent altar of Gozag.
  1198 | D:1      | Slain by a kobold

Vault maps used:
D:1:      shiori_shiawase, grunt_decor_fettered
D:2:      lemuel_doored_altar

Skill      XL: |  1  2 |
---------------+-------+-----
Conjurations   | 1 |  1.8
Spellcasting   | 3 |  3.4
Dodging        | |  1.5
Stealth        | |  1.5
Fire Magic     | |  2.7

Action                   || total
-------------------------++-------
Melee: Unarmed           ||     8
       Hand axe          ||     8
       Rapier            ||    10
 Cast: Flame Tongue      ||    48
Armor: Robe              ||    17
Dodge: Dodged            ||    33
